 Dungeon Crawl Stone Soup version 0.26.1-2-gb8aa6d0cf2 (webtiles) character file.

Game seed: 14918081438037654461

1359 jmmainvi the Covert (level 8, -18/36 HPs)
             Began as a Spriggan Enchanter on Feb 12, 2021.
             Was a Believer of Nemelex Xobeh.
             Demolished by Harold
             ... wielding a +0 long sword
              (20 damage)
             ... on level 7 of the Dungeon.
             The game lasted 00:24:35 (9570 turns).

jmmainvi the Covert (Spriggan Enchanter)            Turns: 9570, Time: 00:24:36

Health: -18/36     AC:  3    Str:  4    XL:     8   Next: 37%
Magic:  12/13      EV: 18    Int: 19    God:    Nemelex Xobeh [**....]
Gold:   555        SH:  0    Dex: 16    Spells: 3/12 levels left

rFire    + . .     SeeInvis +   p - +5 dagger (venom)
rCold    . . .     Faith    .   (shield restricted)
rNeg     . . .     Spirit   .   n - +0 robe
rPois    .         Reflect  .   (helmet restricted)
rElec    .         Harm     .   G - +0 cloak
rCorr    .         Rampage  .   (gloves unavailable)
Will     +....                  (boots unavailable)
Stlth    ++++......             (no amulet)
HPRegen  0.12/turn              a - +4 ring of slaying
MPRegen  0.13/turn              E - ring of protection from fire

@: marked, very quick
A: very small, unfitting armour, see invisible, speed 3
a: Renounce Religion, Draw Escape, Draw Destruction, Draw Summoning


You were on level 7 of the Dungeon.
You worshipped Nemelex Xobeh.
Nemelex Xobeh was pleased with you.
You visited 2 branches of the dungeon, and saw 8 of its levels.
You also visited: Ossuary.

You collected 555 gold pieces.

Inventory:

Hand Weapons
 b - a +4 quarterstaff of chaos
 p - a +5 dagger of venom (weapon)
Missiles
 d - 23 boomerangs
 g - 29 bolts
 l - 3 throwing nets
Armour
 n - a +0 robe (worn)
 G - a +0 cloak (worn)
Jewellery
 a - a +4 ring of slaying (left hand)
 E - a ring of protection from fire (right hand)
 I - an uncursed ring of willpower
 K - an uncursed ring of ice
Wands
 q - a wand of acid (4)
 A - a wand of disintegration (9)
 C - a wand of iceblast (12)
Scrolls
 e - a scroll of enchant armour
 f - 4 scrolls of teleportation
 j - 3 scrolls of amnesia {unknown}
 k - a scroll of fog
 v - a scroll of fear
 x - 4 scrolls of remove curse {unknown}
Potions
 c - 3 potions of lignification
 h - 3 potions of berserk rage {unknown}
 i - 2 potions of ambrosia
 m - 2 potions of might
 o - 6 potions of resistance
 r - 10 potions of curing {unknown}
 s - a potion of mutation
 t - a potion of magic
 u - 4 potions of heal wounds {unknown}
 z - 2 potions of attraction {unknown}
 B - 2 potions of flight {unknown}
 J - 3 potions of brilliance {unknown}


   Skills:
 - Level 1.1 Short Blades
 - Level 3.0 Dodging
 + Level 9.0 Stealth
 - Level 2.6 Spellcasting
 * Level 8.9 Hexes
 + Level 3.6 Ice Magic
 + Level 3.3 Invocations


You had 3 spell levels left.
You knew the following spells:

 Your Spells              Type           Power        Failure   Level
a - Corona                Hex            40%          1%          1
b - Ensorcelled Hibernat  Hex/Ice        52%          1%          2
c - Dazzling Flash        Conj/Hex       38%          8%          3
d - Tukima's Dance        Hex            36%          1%          3

Your spell library contained the following spells:

 Spells                   Type           Power        Failure   Level
 Confusing Touch          Hex            36%          1%          3


Dungeon Overview and Level Annotations

Branches:
Dungeon (7/15)             Temple (1/1) D:4         Ossuary (visited)

Altars:
Ashenzari
Cheibriados
Elyvilon
Fedhas
Gozag
Hepliaklqana
Kikubaaqudgha
Makhleb
Nemelex Xobeh
Okawaru
Qazlal
Uskayaw
Vehumet
Wu Jian
Xom
Yredelemnul
Zin
The Shining One

Annotations:
D:4 exclusion: statue
D:7 Harold


Innate Abilities, Weirdness & Mutations

You are very small and have problems with some larger weapons.
You are too small for most types of armour.
You have supernaturally acute eyesight. (SInv)
You cover ground extremely quickly.


Message History

Harold casts a spell at you. The mark upon you grows brighter.
You struggle against the net.
You struggle against the net.
The phantom hits you!
The phantom blinks!
You struggle against the net.
You struggle against the net.
You rip the net and break free!
Harold hits you with a +0 long sword!
* * * LOW HITPOINT WARNING * * *
Harold throws a throwing net.
The throwing net hits you.
You become entangled in the net!
A killer bee comes into view.
You see here a throwing net.
You tear a large gash into the net.
A killer bee comes into view.
You shred the net and break free!
A killer bee comes into view.
Harold hits you with a +0 long sword!!
Ouch! That really hurt!
You die...
Your body glows slightly and disappears.

........#.....+
.......<'.....#
...######.....####
##........ #........
+........
########+###..yy....
#..........y.#+##...
#......@@W...# ...
#............# ..
#......†.....#
##+##..[.#####
#....# #.!..# #....#
...### ....#


You could see Harold, a phantom and 3 killer bees.

Vanquished Creatures
  Menkaure (D:6)
  Duvessa (D:6)
  2 ogres (D:6)
  Blork the orc (D:6)
  Dowan (D:6)
  4 wights (D:6)
  Crazy Yiuf (D:4)
  An orc priest (D:3)
  3 centaur skeletons
  Terence (D:2)
  2 iguanas (D:6)
  2 orc wizards (D:4)
  4 worker ants
  A big kobold zombie (Ossuary)
  8 mummies (Ossuary)
  10 adders
  A shadow imp (D:5)
  An ufetubus (D:3)
  2 adder skeletons
  A worm (D:2)
  5 leopard geckos
  12 orcs
  7 giant cockroaches
  6 gnoll zombies
  4 goblins
  2 hobgoblins
  4 jackals (D:1)
  2 quokkas
  4 bats
  8 frilled lizards
  2 hobgoblin zombies (Ossuary)
  A jackal zombie (D:6)
  6 kobolds
  A kobold zombie (Ossuary)
  11 rats
123 creatures vanquished.

Vanquished Creatures (collateral kills)
  A wight (D:6)
1 creature vanquished.

Vanquished Creatures (others)
  2 dancing weapons (D:6)
2 creatures vanquished.

Grand Total: 126 creatures vanquished

Notes
Turn   | Place    | Note
-------+----------+-------------------------------------------
     0 | D:1      | jmmainvi the Spriggan Enchanter began the quest for the
                  | Orb.
     0 | D:1      | Reached XP level 1. HP: 9/9 MP: 5/5
   416 | D:1      | Reached skill level 5 in Stealth
   627 | D:1      | Reached XP level 2. HP: 13/13 MP: 6/6
   640 | D:1      | Learned a level 2 spell: Ensorcelled Hibernation
  1423 | D:2      | Reached XP level 3. HP: 16/16 MP: 8/8
  1585 | D:2      | Noticed Terence
  1591 | D:2      | Killed Terence
  1592 | D:2      | Reached skill level 1 in Ice Magic
  1592 | D:2      | Reached XP level 4. HP: 21/21 MP: 5/9
  1869 | D:2      | Reached skill level 6 in Stealth
  1869 | D:2      | Reached skill level 5 in Hexes
  2723 | D:3      | Reached XP level 5. HP: 24/24 MP: 3/10
  3198 | D:3      | Learned a level 3 spell: Dazzling Flash
  3678 | D:3      | Found a basalt altar of Yredelemnul.
  3764 | D:4      | Found a staircase to the Ecumenical Temple.
  3777 | D:4      | Reached XP level 6. HP: 13/28 MP: 3/11
  4597 | D:4      | Reached skill level 7 in Stealth
  4653 | Temple   | Entered the Ecumenical Temple
  4831 | Temple   | Became a worshipper of Nemelex Xobeh the Trickster
  5770 | D:4      | Found a runed translucent door.
  5771 | D:4      | Noticed Crazy Yiuf
  5777 | D:4      | Killed Crazy Yiuf
  5838 | D:4      | Found a radiant altar of Vehumet.
  5864 | D:4      | Got a bloodstained dagger
  5939 | D:5      | Entered Level 5 of the Dungeon
  6132 | D:5      | Reached * piety under Nemelex Xobeh
  6377 | D:5      | Received a gift from Nemelex Xobeh
  6403 | D:5      | Found an opulent altar of Gozag.
  6957 | D:6      | Reached skill level 1 in Invocations
  6960 | D:6      | Found a sand-covered staircase.
  6965 | Ossuary  | Entered an ossuary
  7106 | Ossuary  | Reached XP level 7. HP: 32/32 MP: 12/12
  7616 | Ossuary  | Identified the cursed +3 dagger of Yredelemnul's Envy
                  | {freeze, Str+4} (You found it on level 4 of the Dungeon)
  8091 | D:6      | Noticed Duvessa
  8211 | D:6      | Noticed Dowan
  8216 | D:6      | Killed Dowan
  8432 | D:6      | Killed Duvessa
  8433 | D:6      | Reached skill level 8 in Stealth
  8605 | D:6      | Received a gift from Nemelex Xobeh
  8770 | D:6      | Reached ** piety under Nemelex Xobeh
  8894 | D:6      | Noticed Blork the orc
  8902 | D:6      | Killed Blork the orc
  8923 | D:6      | Reached XP level 8. HP: 36/36 MP: 10/13
  8976 | D:6      | Learned a level 3 spell: Tukima's Dance
  9156 | D:6      | Noticed Menkaure
  9180 | D:6      | Killed Menkaure
  9181 | D:6      | Reached skill level 9 in Stealth
  9550 | D:7      | Noticed Harold
  9570 | D:7      | Demolished by Harold

Illustrated notes

Levels and vault maps discovered:
D:1:      matt_arrival_grand_opening, layout_basic
D:2:      layout_loops_corners, st_stairs_9, uniq_terence
D:3:      layout_loops_ring, lemuel_zombie_altar_yredelemnul
D:4:      layout_loops_cross, vehumet_statue, minmay_temple_entry_tees,
          uniq_crazy_yiuf_cottage
D:5:      layout_gridville, nicolae_gozag_seed_capital, kennysheep_potato
D:6:      layout_basic, enter_ossuary_5, minivault_27, uniq_blork_the_orc,
          uniq_duvessa, uniq_menkaure
D:7:      layout_gridville, lemuel_round_altar, trog_hazing_becter, uniq_maggie,
          uniq_harold
Temple:   regret_index_temple_waves

Skill      XL: |  1  2  3  4  5  6  7  8 |
---------------+-------------------------+-----
Stealth        | 5 6 7 8 9 |  9.0
Hexes          | 4 5 6 7 8 |  8.9
Ice Magic      | 1 2 3 |  3.6
Invocations    | 1 2 3 |  3.3
Short Blades   | |  1.1
Dodging        | |  3.0
Spellcasting   | |  2.6

Action                   |  1- 3 |  4- 6 |  7- 9 || total
-------------------------+-------+-------+-------++-------
Melee: Dagger            |    86 |   132 |    52 ||   270
       Quarterstaff      |       |    36 |    42 ||    78
 Cast: Corona            |     5 |     5 |     7 ||    17
       Ensorcelled Hiber |    17 |    43 |    20 ||    80
       Tukima's Dance    |       |       |     7 ||     7
  Use: Scroll            |       |    11 |     2 ||    13
 Stab: Sleeping          |    18 |    39 |    13 ||    70
       Distracted        |       |     1 |       ||     1
Armor: Robe              |    10 |     9 |     9 ||    28
Dodge: Dodged            |    69 |   156 |    50 ||   275
